 Dungeon Crawl Stone Soup version 0.24-a0-459-g225fefd530 (webtiles) character file.

Game seed: 13610291261698256946

4212 Azzok the Cleaver (level 10, -2/94 HPs)
             Began as a Deep Dwarf Fighter on June 29, 2019.
             Was a Follower of Makhleb.
             Slain by an orc knight
             ... wielding a +0 war axe
              (22 damage)
             ... in a bailey.
             The game lasted 00:13:02 (5069 turns).

Azzok the Cleaver (Deep Dwarf Fighter)              Turns: 5069, Time: 00:13:03

Health: -2/94      AC: 15    Str: 29    XL:     10   Next: 9%
Magic:  10/10      EV:  5    Int:  8    God:    Makhleb [*.....]
Gold:   486        SH: 11    Dex: 12    Spells: 9/9 levels left

rFire    . . .     SeeInvis .   s - +0 war axe (elec)
rCold    . . .     Gourm    .   c - +1 shield
rNeg     . . .     Faith    .   i - +0 plate armour
rPois    .         Spirit   .   (no helmet)
rElec    .         Reflect  .   (no cloak)
rCorr    .         Harm     .   w - +0 pair of gloves
MR       +....                  (no boots)
Stlth    ..........             (no amulet)
HPRegen  0.00/turn              (no ring)
MPRegen  0.12/turn              (no ring)

@: mighty, non-regenerating, lightly drained
A: damage resistance, heal wounds, sense surroundings 2, no regeneration
a: Heal Wounds, Renounce Religion


You were in a bailey.
You worshipped Makhleb.
Makhleb was aware of your devotion.
You were not hungry.

You visited 2 branches of the dungeon, and saw 9 of its levels.
You also visited: Bailey.

You collected 486 gold pieces.

Inventory:

Hand Weapons
 k - a +0 broad axe
 s - a +0 war axe of electrocution (weapon)
Armour
 c - a +1 shield (worn)
 i - a +0 plate armour (worn)
 w - a +0 pair of gloves (worn)
Jewellery
 q - an uncursed ring of ice
Wands
 a - a wand of iceblast (24)
 p - a wand of scattershot (6)
 r - a wand of flame (21)
 u - a wand of acid (1)
Scrolls
 e - 2 scrolls of amnesia {unknown}
 j - a scroll of remove curse
 m - 2 scrolls of enchant armour
 n - 3 scrolls of fear
 t - 5 scrolls of identify
 v - a scroll of random uselessness {unknown}
 z - a scroll of enchant weapon {unknown}
Potions
 g - a potion of brilliance {unknown}
 h - 6 potions of curing
 l - 3 potions of degeneration {unknown}
 o - 2 potions of flight {unknown}
 x - a potion of haste {unknown}
Comestibles
 b - 42 chunks of flesh
 f - 12 rations


   Skills:
 + Level 7.1(6.9) Fighting
 * Level 11.3(10.9) Axes
 + Level 8.6(8.3) Armour
 - Level 4.0(3.7) Shields


You had 9 spell levels left.
You didn't know any spells.
Your spell library contained the following spells:

 Spells                   Type           Power        Failure   Level  Hunger
 Magic Dart               Conj           #...         100%        1    ##.....
 Searing Ray              Conj           #.....       100%        2    ###....
 Dazzling Spray           Conj/Hex       #.....       100%        3    ####...
 Force Lance              Conj/Tloc      #.......     100%        4    #####..
 Fulminant Prism          Conj/Hex       #.........   100%        4    #####..
 Iskenderun's Mystic Bla  Conj           #.......     100%        4    #####..


Dungeon Overview and Level Annotations

Branches:
Dungeon (8/15)             Temple (1/1) D:7
   Lair: D:8-11

Altars:
Ashenzari
Cheibriados
Dithmenos
Elyvilon
Fedhas
Hepliaklqana
Makhleb
Okawaru
Vehumet
Zin
The Shining One

Shops:
D:6 }   D:8 [

Annotations:
D:4 3 runed translucent doors, Loge's ghost, amateur DsAK; forest's ghost, amateur SpAs; pk666's ghost, amateur DEWz


Innate Abilities, Weirdness & Mutations

You are resistant to damage.
You can heal yourself by infusing magical energy.
You passively map the area around you.
You do not regenerate.


Message History

The orc knight is lightly wounded.
You hit the orc warrior but do no damage.
Lightning courses through the orc warrior!
You kill the orc warrior!
Makhleb accepts your kill.
You feel better.
The orc knight hits you with a +0 war axe!!!
* * * LOW HITPOINT WARNING * * *
You hit the orc knight but do no damage.
The orc knight is lightly wounded.
Your shield and plate armour prevent you from hitting the goblin.
You block the goblin's attack.
The orc knight hits you with a +0 war axe!
* * * LOW HITPOINT WARNING * * *
You barely miss the orc knight.
The orc knight is lightly wounded.
Your shield and plate armour prevent you from hitting the goblin.
You block the goblin's attack.
The orc knight hits you with a +0 war axe!!
You die...

▒▒▒·····▒▒▒ ▒▒▒···
▒▒·········▒▒▒·····
▒···········▒)·····
▒···········)······
▒·····⌠·····▒)····⌠
▒···········▒······
▒···········▒······
▒▒·········▒▒▒·····
▒@▒·····▒▒▒ ▒▒▒···
▒··ogo▒▒▒·▒▒▒ ◦
▒▒▒· ▒?····gog◦▒▒▒
◦ ▒▒ ?!········ ░◦
◦ ◦◦ ◦ ▒
!·········8 ◦ ◦◦ ◦
▒ ░∩····⌠·····╬ ◦ ◦
◦ ▒ !·········8▒
◦◦◦ ▒ ?!········8▒
◦ ◦ ◦ ◦ ▒ ░ ◦◦ ◦◦ ░
◦ ◦▒▒


You could see 2 orc knights, an orc warrior, a gnoll and 2 goblins.

Vanquished Creatures
  Joseph (D:7)
  Grinder (D:6)
  2 hippogriffs
  Sigmund (D:6)
  A spriggan (D:7)
  A steam dragon (D:7)
  Duvessa (D:6)
  3 sky beasts
  5 orc warriors
  A black bear (D:7)
  A phantom (D:8)
  3 ice beasts
  A centaur (D:7)
  A big kobold (D:7)
  2 bullfrogs (D:6)
  Dowan (D:6)
  2 scorpions (D:5)
  5 howler monkeys
  An electric eel (D:8)
  A bullfrog zombie (D:6)
  3 crimson imps
  2 orc priests
  A hound (D:8)
  2 orc wizards
  A bullfrog skeleton (D:4)
  3 worker ants
  A hound skeleton (D:4)
  A howler monkey skeleton (D:8)
  A howler monkey zombie (D:7)
  19 gnolls
  16 adders
  2 shadow imps
  An ooze (D:1)
  2 adder skeletons (D:4)
  4 worms
  A dart slug (D:1)
  4 leopard geckos
  20 orcs
  8 bats
  8 giant cockroaches
  17 hobgoblins
  11 jackals
  3 quokkas
  A ball python (D:1)
  4 frilled lizards
  20 goblins
  13 kobolds
  9 rats
213 creatures vanquished.

Vanquished Creatures (others)
  A goblin (D:1)
  A hobgoblin (D:1)
  3 withered plants (D:4)
5 creatures vanquished.

Grand Total: 218 creatures vanquished

Notes
Turn   | Place    | Note
-------+----------+-------------------------------------------
     0 | D:1      | Azzok the Deep Dwarf Fighter began the quest for the Orb.
     0 | D:1      | Reached XP level 1. HP: 20/20 MP: 1/1
   114 | D:1      | Reached XP level 2. HP: 27/27 MP: 2/2
   389 | D:1      | Reached skill level 3 in Axes
   389 | D:1      | Reached XP level 3. HP: 28/33 MP: 3/3
   945 | D:2      | Reached XP level 4. HP: 18/42 MP: 4/4
  1492 | D:3      | Reached skill level 4 in Axes
  1492 | D:3      | Reached XP level 5. HP: 35/49 MP: 5/5
  1831 | D:3      | Found a white marble altar of Elyvilon.
  1831 | D:3      | Found a glowing silver altar of Zin.
  1831 | D:3      | Found a blossoming altar of Fedhas.
  2235 | D:4      | Found a shattered altar of Ashenzari.
  2241 | D:4      | Reached XP level 6. HP: 37/57 MP: 6/6
  2318 | D:4      | Reached skill level 5 in Axes
  2342 | D:4      | Found a runed translucent gate.
  2343 | D:4      | Found a runed translucent gate.
  2344 | D:4      | Found a runed translucent gate.
  2345 | D:4      | Noticed forest's ghost (amateur SpAs)
  2345 | D:4      | Noticed Loge's ghost (amateur DsAK)
  2345 | D:4      | Noticed pk666's ghost (amateur DEWz)
  2488 | D:4      | Found a radiant altar of Vehumet.
  2820 | D:5      | Entered Level 5 of the Dungeon
  2834 | D:5      | Reached skill level 5 in Armour
  2936 | D:5      | Reached XP level 7. HP: 43/64 MP: 7/7
  2999 | D:5      | Reached skill level 6 in Axes
  2999 | D:5      | Noticed a hippogriff
  3007 | D:5      | Killed a hippogriff
  3053 | D:5      | Reached skill level 7 in Axes
  3465 | D:6      | Noticed Duvessa
  3465 | D:6      | Noticed Dowan
  3469 | D:6      | Reached XP level 8. HP: 26/73 MP: 8/8
  3474 | D:6      | Killed Duvessa
  3474 | D:6      | Reached skill level 5 in Fighting
  3476 | D:6      | Killed Dowan
  3492 | D:6      | Noticed Grinder
  3510 | D:6      | Killed Grinder
  3510 | D:6      | Reached skill level 8 in Axes
  3625 | D:6      | Found a glowing golden altar of the Shining One.
  3716 | D:6      | Noticed Sigmund
  3728 | D:6      | Reached skill level 9 in Axes
  3749 | D:6      | Killed Sigmund
  3928 | D:6      | Found Lellall's Gadget Emporium.
  4044 | D:7      | Noticed a hippogriff
  4049 | D:7      | Killed a hippogriff
  4049 | D:7      | Gained mutation: You passively map the area around you.
                  | [Deep Dwarf growth]
  4049 | D:7      | Reached XP level 9. HP: 36/82 MP: 9/9
  4104 | D:7      | Found an iron altar of Okawaru.
  4242 | D:7      | Noticed Joseph
  4257 | D:7      | Killed Joseph
  4257 | D:7      | Reached skill level 10 in Axes
  4333 | D:7      | Found a staircase to the Ecumenical Temple.
  4394 | Temple   | Entered the Ecumenical Temple
  4480 | Temple   | Became a worshipper of Makhleb the Destroyer
  4849 | D:8      | Found Ugeteu's Antique Armour Boutique.
  4872 | D:8      | Reached skill level 11 in Axes
  4882 | D:8      | Found a flagged portal.
  4910 | Bailey   | Entered a bailey
  4953 | Bailey   | Reached * piety under Makhleb
  4997 | Bailey   | Reached XP level 10. HP: 57/94 MP: 10/10
  5059 | Bailey   | Noticed an orc knight
  5061 | Bailey   | Noticed an orc knight
  5069 | Bailey   | Slain by an orc knight

Levels and vault maps discovered:
D:1:      onia_arrival_larder, layout_basic, serial_glass, glass_columns_c,
          glass_columns_b, glass_columns_c, glass_columns_b, lemuel_flame_loot_1
D:2:      layout_loops_ring
D:3:      layout_loops_ring, gammafunk_temple_overflow_claw, first_ration,
          minmay_misc_feat_nine_boxes
D:4:      layout_cave_pools, nicolae_overflow_crystal_walls,
          lemuel_doored_altar, gammafunk_ghost_cemetery
D:5:      layout_gridville
D:6:      layout_gridville, serial_shops, shop, nicolae_tso_swordbearing_angel,
          uniq_grinder, uniq_sigmund, uniq_duvessa
D:7:      layout_gridville, kennysheep_mini, minmay_temple_entry_junction,
          the_bakery, uniq_joseph
D:8:      layout_basic, led_sif_pool, serial_shops, nicolae_shop_statue_plus,
          serial_rivers, chequers_serial_rivers_room_b,
          chequers_serial_rivers_room_a, chequers_serial_rivers_micro_d,
          chequers_serial_rivers_small_3, chequers_serial_rivers_small_a,
          ebering_ghost_gozag, enter_bailey_3
Temple:   regret_index_temple_generic_petals
Bailey:   bailey_axe_minmay_hex_keep, bailey

Skill      XL: |  1  2  3  4  5  6  7  8  9 |
---------------+----------------------------+-----
Axes           | 3 4 5 7 9 11 | 11.3
Fighting       | 3 4 6 7 |  7.1
Armour         | 4 5 6 7 8 |  8.6
Shields        | 4 |  4.0

Action                   |  1- 3 |  4- 6 |  7- 9 | 10-12 || total
-------------------------+-------+-------+-------+-------++-------
Melee: War axe           |   148 |   275 |   252 |    32 ||   707
 Abil: Heal Wounds       |       |     2 |     5 |       ||     7
Evoke: Wand              |       |       |     2 |       ||     2
  Use: Scroll            |       |     6 |     1 |       ||     7
       Potion            |       |     1 |     3 |     1 ||     5
  Eat: Chunk             |       |     7 |     8 |       ||    15
Armor: Scale mail        |    10 |       |       |       ||    10
       Plate armour      |    91 |   189 |   148 |     7 ||   435
Dodge: Dodged            |    27 |    64 |    47 |     2 ||   140
Block: Shield            |   106 |   192 |   143 |    20 ||   461

Table legend:
 A = Non-vault XP
 B = Vault XP
 C = Vault XP percentage of total XP
 D = Non-vault monster count
 E = Vault monster count
 F = Vault count percentage of total count
                 A         B        C        D         E       F
            +---------+---------+-------+---------+---------+-------
      Total |    3958 |    2060 |  34.2 |     160 |      53 |  24.9
            +---------+---------+-------+---------+---------+-------
        D:1 |      35 |       8 |  18.6 |      17 |       6 |  26.1
        D:2 |     120 |       0 |   0.0 |      22 |       0 |   0.0
        D:3 |     198 |       0 |   0.0 |      31 |       0 |   0.0
        D:4 |     263 |       0 |   0.0 |      20 |       0 |   0.0
        D:5 |     801 |       0 |   0.0 |      18 |       0 |   0.0
        D:6 |     644 |     723 |  52.9 |      15 |       4 |  21.1
        D:7 |    1407 |     656 |  31.8 |      31 |       2 |   6.1
        D:8 |     490 |       8 |   1.6 |       6 |       4 |  40.0
     Bailey |       0 |     665 | 100.0 |       0 |      37 | 100.0
            +---------+---------+-------+---------+---------+-------
